 Dungeon Crawl Stone Soup version 0.21.1-1-g345015f (webtiles) character file.

102 tidbits the Grave Robber (level 4, 28/32 HPs)
             Began as a Gnoll Necromancer on June 26, 2018.
             Quit the game on level 5 of the Dungeon.
             The game lasted 00:04:04 (528 turns).

tidbits the Grave Robber (Gnoll Necromancer)         Turns: 528, Time: 00:04:05

Health: 28/32      AC:  2    Str: 10    XL:     4   Next: 77%
Magic:  9/11       EV: 15    Int: 18    God:
Gold:   106        SH:  0    Dex: 16    Spells: 5/13 levels left

rFire    . . .     SeeInvis .   d - +2 hand axe (chop)
rCold    . . .     Gourm    .   (no shield)
rNeg     . . .     Faith    .   a - +0 robe
rPois    .         Spirit   .   (no helmet)
rElec    .         Reflect  .   (no cloak)
rCorr    .         Harm     .   (no gloves)
MR       .....                  (no boots)
Stlth    +.........             (no amulet)
HPRegen  0.10/turn              (no ring)
MPRegen  0.12/turn              (no ring)

@: confused
A: distributed training, fangs 1, strong nose
a: no special abilities


You were on level 5 of the Dungeon.
You were not hungry.

You visited 1 branch of the dungeon, and saw 6 of its levels.

You collected 106 gold pieces.

Inventory:

Hand Weapons
 d - a +2 hand axe of chopping (weapon)
   (You found it on level 2 of the Dungeon)
 f - a +0 short sword
 h - a +0 dagger
 m - a +0 battleaxe
Missiles
 i - 31 stones (quivered)
 o - 8 arrows
Armour
 a - a +0 robe (worn)
 k - a +0 shield
Wands
 n - a wand of polymorph (8)
Scrolls
 e - 2 scrolls of teleportation {unknown}
 g - a scroll of remove curse {unknown}
 j - a scroll of identify {unknown}
 l - a scroll of fog {unknown}
Books
 b - a book of Necromancy

   Spells                             Type                      Level
   a - Pain                           Necromancy                   1
   b - Animate Skeleton               Necromancy                   1
   c - Vampiric Draining              Necromancy                   3
   d - Regeneration                   Charms/Necromancy            3
   e - Animate Dead                   Necromancy                   4
   f - Borgnjor's Vile Clutch         Necromancy/Earth             5
Comestibles
 c - 3 rations


   Skills:
 + Level 1.2 Fighting
 + Level 1.2 Short Blades
 + Level 1.2 Long Blades
 + Level 1.2 Axes
 + Level 1.2 Maces & Flails
 + Level 1.2 Polearms
 + Level 1.2 Staves
 + Level 1.2 Slings
 + Level 1.2 Bows
 + Level 1.2 Crossbows
 + Level 1.2 Throwing
 + Level 1.2 Armour
 + Level 4.7 Dodging
 + Level 4.3 Stealth
 + Level 1.2 Shields
 + Level 1.2 Unarmed Combat
 + Level 5.1 Spellcasting
 + Level 1.0 Conjurations
 + Level 1.0 Hexes
 + Level 1.0 Charms
 + Level 1.0 Summonings
 + Level 7.1 Necromancy
 + Level 1.0 Translocations
 + Level 1.0 Transmutations
 + Level 1.0 Fire Magic
 + Level 1.0 Ice Magic
 + Level 1.0 Air Magic
 + Level 1.0 Earth Magic
 + Level 1.0 Poison Magic
 + Level 1.3 Invocations
 + Level 1.2 Evocations


You had 5 spell levels left.
You knew the following spells:

 Your Spells              Type           Power        Failure   Level  Hunger
a - Pain                  Necr           ####         1%          1    None
d - Vampiric Draining     Necr           ####......   1%          3    ##.....
n - Animate Skeleton      Necr           N/A          1%          1    None
r - Regeneration          Chrm/Necr      ###.......   8%          3    ##.....


Dungeon Overview and Level Annotations

Branches:
Dungeon (6/15)
 Temple: D:4-7

Altars:
Gozag
Ru
Vehumet


Innate Abilities, Weirdness & Mutations

Your experience applies equally to all skills.
You have very sharp teeth.
Your uncanny sense of smell can sniff out nearby items.


Message History

A hobgoblin comes into view. It is wielding a club.
The hobgoblin moves out of view.
There is a stone staircase leading up here.
You see here 8 arrows.
o - 8 arrows
Found 12 gold pieces.
Unknown command.
You see here 12 gold pieces.
You now have 106 gold pieces (gained 12).
Found 16 stones.
Found a stone staircase leading down.
You see here 16 stones.
i - 31 stones (gained 16)
A howler monkey skeleton comes into view.
An orc wizard comes into view. It is wielding a dagger.
Found 11 gold pieces.
An orc comes into view. It is wielding a hand axe.
Found an escape hatch in the ceiling.
There is a stone staircase leading down here.
The orc shouts!
You hear an angry hiss.
The orc wizard shouts!
You climb downwards. 2 orcs, an orc priest and an orc wizard come into view.
An orc is wielding a dagger of venom.
Found 25 arrows and a whip.
There is a stone staircase leading up here.
Unknown command.
Casting: Pain
Confirm with . or Enter, or press ? or * to list all spells.
Aiming: Pain
Press: ? - help, Shift-Dir - straight line, f - orc wizard
Aim: an orc wizard, wielding a dagger and wearing a robe (resting, chance to defeat MR: 84%)
The orc wizard shouts!
The orc wizard barely resists.
The orc shouts!
Casting: Pain
Confirm with . or Enter, or press ? or * to list all spells.
Aiming: Pain
Press: ? - help, Shift-Dir - straight line, f/p - orc wizard
Aim: an orc wizard, wielding a dagger and wearing a robe (chance to defeat MR: 84%)
The orc wizard writhes in agony!
The orc priest shouts!
Casting: Pain
Confirm with . or Enter, or press ? or * to list all spells.
Aiming: Pain
Press: ? - help, Shift-Dir - straight line, f/p - orc wizard
Aim: an orc wizard, wielding a dagger and wearing a robe (lightly wounded, chance to defeat MR: 84%)
The orc wizard writhes in agony!
The orc priest calls upon Beogh to heal the orc wizard.
The orc wizard is healed somewhat.
The orc wizard barely misses you.
You climb upwards.
An adder and a zombie come into view.
The adder moves out of view.
The howler monkey skeleton closely misses you.
There is a stone staircase leading down here.
Unknown command.
You open the door.
The howler monkey skeleton barely misses you.
Unknown command.
Found a scroll labeled UMOADI QIFAAT.
There is an open door here.
Unknown command.
You barely miss the howler monkey skeleton.
The howler monkey skeleton misses you.
The orc wizard mumbles some strange words.
The orc wizard flickers and vanishes!
You barely miss the howler monkey skeleton.
The howler monkey skeleton hits you. The howler monkey skeleton misses you.
The orc shouts!
You slash the howler monkey skeleton! You bite the howler monkey skeleton.
The howler monkey skeleton is heavily damaged.
The howler monkey skeleton completely misses you.
You hit the howler monkey skeleton.
The howler monkey skeleton is severely damaged.
The howler monkey skeleton closely misses you.
You slash the howler monkey skeleton!
You destroy the howler monkey skeleton!
Your Conjurations skill increases to level 1!
Your Hexes skill increases to level 1!
Your Charms skill increases to level 1!
Your Summonings skill increases to level 1!
Your Translocations skill increases to level 1!
Your Transmutations skill increases to level 1!
Your Fire Magic skill increases to level 1!
Your Ice Magic skill increases to level 1!
Your Air Magic skill increases to level 1!
Your Earth Magic skill increases to level 1!
Your Poison Magic skill increases to level 1!
Unknown command.
Casting: Pain
Confirm with . or Enter, or press ? or * to list all spells.
Aiming: Pain
Press: ? - help, Shift-Dir - straight line, f - adder
Aim: an adder (chance to defeat MR: 89%) Nothing appears to happen.
You hear some strange, mumbled words.
You are confused.
You aren't carrying any potions.
You barely miss something. Something hits you but does no damage.
Unknown command.
Are you sure you want to abandon this character and quit the game? (Confirm with "yes".)

#.# #.# #.#########.#
#.#......##.#
∆#.#......##.#
#.#.?....##.#
#########.#......##.#
.......o..#......##.#
<......o###......##.#
...#...oZ.@.......#.#
......#S###.......#.#
..###...# .......#.#
o ##$.# .......#.#
#..# .......#.# #..#
.......#.# #..#
.......#.# ##.
######.#.# #.#


You could see an orc wizard, an adder, an orc and a water moccasin zombie.

Vanquished Creatures
  Ijyb (D:4)
  A worker ant (D:4)
  A howler monkey skeleton (D:5)
  An adder (D:3)
  An ooze (D:1)
  7 goblins
  A hobgoblin (D:3)
  3 jackals (D:4)
  8 kobolds
  4 bats
  2 rats
30 creatures vanquished.

Notes
Turn   | Place    | Note
-------+----------+-------------------------------------------
     0 | D:1      | tidbits the Gnoll Necromancer began the quest for the Orb.
     0 | D:1      | Reached XP level 1. HP: 13/13 MP: 6/6
     8 | D:1      | You fall through a shaft!
   106 | D:1      | Reached XP level 2. HP: 17/19 MP: 4/7
   223 | D:3      | Reached skill level 5 in Spellcasting
   223 | D:3      | Reached XP level 3. HP: 12/25 MP: 3/9
   230 | D:2      | Learned a level 3 spell: Regeneration
   232 | D:2      | Learned a level 1 spell: Animate Skeleton
   237 | D:2      | Learned a level 3 spell: Vampiric Draining
   257 | D:3      | Found a radiant altar of Vehumet.
   280 | D:4      | Noticed Ijyb
   359 | D:4      | Killed Ijyb
   359 | D:4      | Reached skill level 1 in Fighting
   359 | D:4      | Reached skill level 1 in Short Blades
   359 | D:4      | Reached skill level 1 in Long Blades
   359 | D:4      | Reached skill level 1 in Axes
   359 | D:4      | Reached skill level 1 in Maces & Flails
   359 | D:4      | Reached skill level 1 in Polearms
   359 | D:4      | Reached skill level 1 in Staves
   359 | D:4      | Reached skill level 1 in Slings
   359 | D:4      | Reached skill level 1 in Bows
   359 | D:4      | Reached skill level 1 in Crossbows
   359 | D:4      | Reached skill level 1 in Throwing
   359 | D:4      | Reached skill level 1 in Armour
   359 | D:4      | Reached skill level 1 in Shields
   359 | D:4      | Reached skill level 1 in Unarmed Combat
   359 | D:4      | Reached skill level 1 in Invocations
   359 | D:4      | Reached skill level 1 in Evocations
   359 | D:4      | Reached XP level 4. HP: 26/32 MP: 3/11
   386 | D:4      | Found an opulent altar of Gozag.
   404 | D:4      | Noticed an ogre
   405 | D:4      | Found a sacrificial altar of Ru.
   465 | D:5      | Entered Level 5 of the Dungeon
   525 | D:5      | Reached skill level 1 in Conjurations
   525 | D:5      | Reached skill level 1 in Hexes
   525 | D:5      | Reached skill level 1 in Charms
   525 | D:5      | Reached skill level 1 in Summonings
   525 | D:5      | Reached skill level 1 in Translocations
   525 | D:5      | Reached skill level 1 in Transmutations
   525 | D:5      | Reached skill level 1 in Fire Magic
   525 | D:5      | Reached skill level 1 in Ice Magic
   525 | D:5      | Reached skill level 1 in Air Magic
   525 | D:5      | Reached skill level 1 in Earth Magic
   525 | D:5      | Reached skill level 1 in Poison Magic
   528 | D:5      | Quit the game

Skill      XL: |  1  2  3  4 |
---------------+-------------+-----
Spellcasting   | 5 |  5.1
Fighting       | 1 |  1.2
Short Blades   | 1 |  1.2
Long Blades    | 1 |  1.2
Axes           | 1 |  1.2
Maces & Flails | 1 |  1.2
Polearms       | 1 |  1.2
Staves         | 1 |  1.2
Slings         | 1 |  1.2
Bows           | 1 |  1.2
Crossbows      | 1 |  1.2
Throwing       | 1 |  1.2
Armour         | 1 |  1.2
Shields        | 1 |  1.2
Unarmed Combat | 1 |  1.2
Invocations    | 1 |  1.3
Evocations     | 1 |  1.2
Conjurations   | 1 |  1.0
Hexes          | 1 |  1.0
Charms         | 1 |  1.0
Summonings     | 1 |  1.0
Translocations | 1 |  1.0
Transmutations | 1 |  1.0
Fire Magic     | 1 |  1.0
Ice Magic      | 1 |  1.0
Air Magic      | 1 |  1.0
Earth Magic    | 1 |  1.0
Poison Magic   | 1 |  1.0
Dodging        | |  4.7
Stealth        | |  4.3
Necromancy     | |  7.1

Action                   |  1- 3 |  4- 6 || total
-------------------------+-------+-------++-------
Melee: Hand axe          |    35 |     9 ||    44
       Bite              |       |     1 ||     1
 Cast: Pain              |    20 |     9 ||    29
       Regeneration      |     2 |       ||     2
       Vampiric Draining |       |     1 ||     1
  Use: Potion            |     1 |       ||     1
 Stab: Sleeping          |     1 |       ||     1
Armor: Robe              |    15 |     1 ||    16
Dodge: Dodged            |    25 |     9 ||    34

Table legend:
 A = Turns spent in this place as a percentage of turns spent in the entire game.
 B = Non-inter-level travel turns spent in this place as a percentage of non-inter-level travel turns spent in the entire game.
 C = Inter-level travel turns spent in this place as a percentage of turns spent in this place.
 D = Turns resting spent in this place as a percentage of non-inter-level travel turns spent in this place.
 E = Turns spent auto-exploring this place as a percentage of non-inter-level travel turns spent in this place.
 F = Non-inter-level travel turns spent in this place divided by the number of levels of this place that you've seen.
                   A       B       C       D       E      F
               +-------+-------+-------+-------+-------+----------------------
         Total | 100.0 | 100.0 |   0.0 |   0.0 |   0.0 |  88.0
       Dungeon | 100.0 | 100.0 |   0.0 |   0.0 |   0.0 |  88.0
               +-------+-------+-------+-------+-------+----------------------

Table legend:
 A = Kills in this place as a percentage of kills in entire the game.
 B = Kills by you in this place as a percentage of kills by you in the entire game.
 C = Kills by friends in this place as a percentage of kills by friends in the entire game.
 D = Other kills in this place as a percentage of other kills in the entire game.
 E = Experience gained in this place as a percentage of experience gained in the entire game.
 F = Experience gained in this place divided by the number of levels of this place that you have seen.
                   A       B       C       D       E      F
               +-------+-------+-------+-------+-------+----------------------
         Total | 100.0 | 100.0 |   N/A |   N/A | 100.0 |  24.3
       Dungeon | 100.0 | 100.0 |   N/A |   N/A | 100.0 |  24.3
               +-------+-------+-------+-------+-------+----------------------

Vault maps used:
D:1:      sevenhm_arrival_forest_fort_small_6, lexackson_kobold_supper
D:2:      minmay_heptomino_l4, uniq_jessica
D:3:      nemelex_altar_shiori, fiery_altar_vehumet, first_ration, uniq_natasha
D:4:      kennysheep_the_goblin_king, old_standard_altar,
          nicolae_ru_path_of_blood, nicolae_overflow_crystal_walls,
          overflow_temple_1_default, minmay_misc_feat_iff, minmay_quantized
D:5:      corexii_checkpoint_a, uniq_ijyb, uniq_pikel
D:6:      overflow_temple_1_default, nicolae_temple_entry_ecumenical,
          hangedman_abyss_or_decor_passed, grunt_ministairs_7
